 Dungeon Crawl Stone Soup version 0.21.1-1-g345015fe64 (webtiles) character file.

1775 Hercules1031 the Shield-Bearer (level 9, -6/71 HPs)
             Began as a Formicid Fighter on June 10, 2018.
             Was a Follower of Makhleb.
             Killed from afar by an electric eel (11 damage)
             ... with a bolt of electricity
             ... on level 7 of the Dungeon.
             The game lasted 00:28:10 (4681 turns).

Hercules1031 the Shield-Bearer (Formicid Fighter)   Turns: 4681, Time: 00:28:11

Health: -6/71      AC: 14    Str: 29    XL:     9   Next: 28%
Magic:  9/9        EV:  8    Int:  9    God:    Makhleb [*.....]
Gold:   391        SH: 14    Dex: 12    Spells: 8/8 levels left

rFire    + . .     SeeInvis +   k - +1 scythe (protect)
rCold    . . .     Gourm    .   c - +2 shield
rNeg     . . .     Faith    .   r - +0 plate armour
rPois    .         Spirit   .   (helmet unavailable)
rElec    .         Reflect  .   j - +0 cloak
rCorr    .         Harm     .   (no gloves)
MR       .....                  (no boots)
Stlth    ..........             e - amulet of regeneration
HPRegen  0.61/turn              l - ring of protection from fire
MPRegen  0.11/turn              b - +6 ring of strength

@: no status effects
A: permanent stasis, dig shafts and tunnels, four strong arms, antennae 3,
hooves 1, strong 1
a: Dig, Shaft Self, Renounce Religion


You were on level 7 of the Dungeon.
You worshipped Makhleb.
Makhleb was aware of your devotion.
You were not hungry.

You visited 2 branches of the dungeon, and saw 8 of its levels.

You collected 391 gold pieces.

Inventory:

Hand Weapons
 a - a +0 war axe
 i - a +2 whip of draining
 k - a +1 scythe of protection (weapon)
Armour
 c - a +2 shield (worn)
 j - a +0 cloak (worn)
 r - a +0 plate armour (worn)
Jewellery
 b - a +6 ring of strength (right hand)
 e - an amulet of regeneration (around neck)
 l - a ring of protection from fire (left hand)
 p - a +5 ring of intelligence
Scrolls
 d - a scroll of amnesia
 g - 6 scrolls of identify
 m - a scroll of teleportation
 o - a scroll of remove curse
Comestibles
 f - 5 rations


   Skills:
 * Level 6.8 Fighting
 - Level 2.1(3.8) Axes
 - Level 3.8(4.1) Maces & Flails
 * Level 2.6(3.1) Polearms
 * Level 6.7 Armour
 + Level 3.1 Dodging
 * Level 7.5 Shields


You had 8 spell levels left.
You didn't know any spells.

Dungeon Overview and Level Annotations

Branches:
Dungeon (7/15)             Temple (1/1) D:4

Altars:
Ashenzari
Cheibriados
Dithmenos
Elyvilon
Fedhas
Gozag
Hepliaklqana
Kikubaaqudgha
Makhleb
Nemelex Xobeh
Okawaru
Qazlal
Ru
Sif Muna
Trog
Uskayaw
Vehumet
Wu Jian
Xom
Yredelemnul
Zin
The Shining One


Innate Abilities, Weirdness & Mutations

You cannot be hasted, slowed, berserked, paralysed or teleported.
You can dig through walls and to a lower floor.
Your four strong arms can wield two-handed weapons with a shield.
You have a pair of large antennae on your head. (SInv)
You have large cloven feet.
Your muscles are strong. (Str +2)


Message History

The electric eel shoots out a bolt of lightning at you!
The bolt of electricity hits the electric eel.
The electric eel completely resists.
The bolt of electricity hits you!
* * * LOW HITPOINT WARNING * * *
The electric eel shoots out a bolt of lightning at you!
The bolt of electricity hits the electric eel.
The electric eel completely resists.
The bolt of electricity hits you!
* * * LOW HITPOINT WARNING * * *
You feel better.
The electric eel shoots out a bolt of lightning at you!
The bolt of electricity hits you!
* * * LOW HITPOINT WARNING * * *
You feel better.
The electric eel shoots out a bolt of lightning at you!
The bolt of electricity hits you!
* * * LOW HITPOINT WARNING * * *
The electric eel shoots out a bolt of lightning at you!
The bolt of electricity hits the electric eel.
The electric eel completely resists.
The bolt of electricity hits you!
You die...

{ { ########
##..P.$≈##
#...P.$≈≈#.#
#..@.;!≈;#.#
#+..P;≈≈≈#.#
#..P/.≈##
{########


You could see 3 electric eels.

Vanquished Creatures
  The ghost of
  359359 the Insei, an amateur OpTm of Fedhas (D:6)
  Sigmund (D:6)
  An orc warrior (D:6)
  4 ogres
  3 centaurs
  A phantom (D:4)
  A howler monkey (D:6)
  A crimson imp (D:6)
  A bullfrog zombie (D:6)
  A centaur skeleton (D:4)
  3 hounds
  An orc priest (D:4)
  3 worker ants
  5 orc wizards
  A worker ant zombie (D:6)
  3 gnolls (D:5)
  9 adders
  A howler monkey skeleton (D:6)
  An ooze (D:6)
  2 worms (D:2)
  A dart slug (D:1)
  6 leopard geckos
  15 orcs
  5 giant cockroaches
  5 hobgoblins
  11 jackals
  3 kobolds
  3 quokkas
  A ball python (D:4)
  5 bats
  8 frilled lizards
  6 goblins
  A quokka skeleton (D:4)
  5 rats
119 creatures vanquished.

Notes
Turn   | Place    | Note
-------+----------+-------------------------------------------
     0 | D:1      | Hercules1031 the Formicid Fighter began the quest for the Orb.
     0 | D:1      | Reached XP level 1. HP: 18/18 MP: 1/1
   385 | D:1      | Reached XP level 2. HP: 22/24 MP: 2/2
   552 | D:1      | Reached skill level 4 in Shields
   589 | D:1      | Reached XP level 3. HP: 29/29 MP: 3/3
  1125 | D:2      | Reached XP level 4. HP: 34/37 MP: 4/4
  1321 | D:2      | Reached skill level 1 in Dodging
  1632 | D:3      | Gained mutation: You have large cloven feet. [potion of mutation]
  1632 | D:3      | Gained mutation: Your muscles are strong. (Str +2) [potion of mutation]
  1663 | D:3      | Reached skill level 1 in Maces & Flails
  1707 | D:3      | Reached XP level 5. HP: 39/42 MP: 5/5
  1982 | D:4      | Reached XP level 6. HP: 42/49 MP: 6/6
  2170 | D:4      | Reached skill level 5 in Shields
  2556 | D:4      | Found a staircase to the Ecumenical Temple.
  2601 | D:4      | Noticed a phantom
  2616 | D:4      | Reached XP level 7. HP: 47/55 MP: 7/7
  2647 | Temple   | Entered the Ecumenical Temple
  2782 | Temple   | Became a worshipper of Makhleb the Destroyer
  2958 | D:4      | Reached skill level 5 in Fighting
  3127 | D:5      | Entered Level 5 of the Dungeon
  3262 | D:5      | Reached skill level 5 in Armour
  3373 | D:5      | Reached skill level 6 in Shields
  3373 | D:5      | Reached XP level 8. HP: 63/63 MP: 8/8
  3859 | D:5      | Found an opulent altar of Gozag.
  3948 | D:6      | Noticed Sigmund
  3980 | D:6      | Found a bloodstained altar of Trog.
  4014 | D:6      | Killed Sigmund
  4153 | D:6      | Reached * piety under Makhleb
  4161 | D:6      | Reached skill level 1 in Polearms
  4273 | D:6      | Reached skill level 7 in Shields
  4322 | D:6      | Reached XP level 9. HP: 69/70 MP: 9/9
  4470 | D:6      | Noticed 359359's ghost (amateur OpTm)
  4489 | D:6      | Killed 359359's ghost
  4681 | D:7      | Killed from afar by an electric eel

Skill      XL: |  1  2  3  4  5  6  7  8  9 |
---------------+----------------------------+-----
Shields        | 4 5 6 7 |  7.5
Dodging        | 1 2 3 |  3.1
Fighting       | 4 5 6 |  6.8
Maces & Flails | 1 2 3 |  3.8
Armour         | 4 5 6 |  6.7
Polearms       | 1 2 |  2.6
Axes           | |  2.1

Action                   |  1- 3 |  4- 6 |  7- 9 || total
-------------------------+-------+-------+-------++-------
Melee: War axe           |    93 |       |       ||    93
       Whip              |    24 |   124 |   144 ||   292
       Kick              |       |    19 |    82 ||   101
       Scythe            |       |       |    86 ||    86
 Abil: Dig               |    10 |    24 |    23 ||    57
  Use: Potion            |     3 |     5 |     8 ||    16
       Scroll            |     3 |     7 |     4 ||    14
  Eat: Ration            |     3 |     3 |     1 ||     7
Armor: Scale mail        |    65 |    45 |    15 ||   125
       Chain mail        |       |       |    72 ||    72
       Plate armour      |       |       |    20 ||    20
Dodge: Dodged            |    42 |    35 |    96 ||   173
Block: Shield            |    73 |    86 |   187 ||   346
